Match 31595816
Unlisted

Match 31595816
End
Panzergrenadier Squad
250 Light Carrier
Panzergrenadier Squad
Construct Light Support Kompanie
Combat Half-tracks
Fire Support Elements
Flakvierling Half-track
Vehicle Survival Package
Panzergrenadier Squad
le.IG 18 Mechanized Group
Selects Battlefield Espionage Battlegroup
Selects Intel Disruption Beacon
Veteran Squad Leaders
Construct Panzerarmee Kommand
Panzer III L Medium Tank
Selects Plunder
Selects Firestorm
2.5-tonne Medical Truck
Firestorm
Selects 250/3 Funkpanzerwagen
MG34 Team
Emergency Repair Kits
Panzer III L Medium Tank
Firestorm
Advanced Optics
Panzer III L Medium Tank
Selects Anti-Tank Incendiary Munitions
Firestorm
Panzer III L Medium Tank
Firestorm
Rapid Advance
Panzer III L Medium Tank
Thrusher
Wildcard
YangXYZ
RAFALE94
UnbreakableFr
LotDExile
AitorEdy
fartsniffer
0
0

Comments sign in to comment!

No comments posted yet!